 Dungeon Crawl Stone Soup version 0.29-a0-1009-g60c99734e7 (webtiles) character file.

Game seed: 2027367201479717541

77 spaghetti the Trooper (level 4, -4/35 HPs)
             Began as a Demonspawn Chaos Knight on Aug 9, 2022.
             Was a Plaything of Xom.
             Slain by Natasha (5 damage)
             ... on level 2 of the Dungeon.
             The game lasted 00:03:41 (2511 turns).

spaghetti the Trooper (Demonspawn Chaos Knight)     Turns: 2511, Time: 00:03:42

Health: -4/35      AC:  5    Str: 12      XL:     4   Next: 14%
Magic:  4/4        EV: 11    Int: 13 (14) God:    Xom [......]
Gold:   57         SH:  0    Dex: 14      Spells: 3/3 levels left

rFire   . . .      SeeInvis .   a - +0 short sword (chaos) {short}
rCold   . . .      Faith    .   (no shield)
rNeg    . . .      Spirit   .   b - +2 leather armour
rPois   .          Reflect  .   (helmet restricted)
rElec   .          Harm     .   (no cloak)
rCorr   .          Rampage  .   (no gloves)
Will    .....                   (no boots)
Stlth   ++........              (no amulet)
HPRegen 0.11/turn               (no ring)
MPRegen 0.09/turn               (no ring)

@: slowed, unable to read, very slow
A: thin metallic scales 1, demonic magic 1, horns 1, deformed body,
deterioration 1, subdued magic 1, inability to read while threatened 1
a: Renounce Religion


You were on level 2 of the Dungeon.
You worshipped Xom.
You were a very special plaything of Xom.
You visited 1 branch of the dungeon, and saw 2 of its levels.

You collected 57 gold pieces.


Innate Abilities, Weirdness & Mutations

You are partially covered in thin metallic scales. (AC +2)
Spells you cast may paralyse adjacent enemies.
You have a pair of small horns on your head.
Armour fits poorly on your strangely shaped body.
Your body sometimes deteriorates upon taking damage.
Your spells are a little easier to cast, but a little less powerful.
You occasionally lose the ability to read scrolls when taking damage.


   Skills:
 - Level 3.0 Fighting
 - Level 2.6 Short Blades
 - Level 1.7 Armour
 - Level 0.8 Dodging
 + Level 2.8 Stealth
 + Level 2.2 Summonings


You had 3 spell levels left.
You didn't know any spells.
Your spell library contained the following spells:

 Spells                   Type           Power      Damage    Failure   Level
 Apportation              Tloc           0%         N/A       32%         1
 Call Canine Familiar     Summ           4%         N/A       38%         3
 Portal Projectile        Hex/Tloc       0%         N/A       71%         3
 Leda's Liquefaction      Hex/Erth       0%         N/A       98%         4
 Alistair's Intoxication  Tmut/Pois      0%         N/A       100%        5

Inventory:

Hand Weapons
 a - a +0 short sword of chaos (weapon) {short}
Missiles
 d - 31 stones {throwing}
 f - 6 javelins {throwing}
Armour
 b - a +2 leather armour (worn)
 g - a +0 helmet
   (You found it on level 1 of the Dungeon)
Wands
 i - a wand of paralysis (5)
   (You found it on level 2 of the Dungeon)
Scrolls
 e - 2 scrolls of identify {unknown}
 h - a scroll of noise {unknown}
Miscellaneous
 c - a piece from Xom's chessboard (15/15) (quivered)

Dungeon Overview and Level Annotations

Branches:
Dungeon (2/15) Zot: 9467

Altars:

Annotations:
D:2 Jessica, Natasha

##.. #####.....###.# #. .....
+.........# #.# #. #....
...####......###.######. >....
.............'..........
#.#.#.#########.....###.#######
...............................
..#.#.#.###############.#######
........###############.#......
......5......h@......โ€
.........
".#####....ยง.####....##.#.#....
. #.:!##.r...# ##....##.#.#..##
# .....#ยง....# #........#.#..#
.. r....'..#### #........#.#..#
... .....#.ยง# #........#.#..#
...##...##..# #........#.#..#
#...#####..## #........#.#..#
....5....(..# .......##.#.#..#


You could see Natasha (fast) and a quokka.


Message History

๐Ÿ˜• HP[-6]
You take 6 damage, and now have 23/29 hp.
MASSIVE DAMAGE!! (PAUSE) "Over there now!"
Natasha blinks!
Unknown command.
Unknown command.
Natasha claws you but does no damage.
You hit Natasha but do no damage. You headbutt Natasha, but do no damage.
Natasha claws you. ๐Ÿ˜ฎ HP[-2]
You take 2 damage, and now have 21/29 hp.
You hit Natasha but do no damage.
Natasha is poisoned.
Natasha claws you. ๐Ÿ˜ฎ HP[-2]
You take 2 damage, and now have 19/29 hp.
You hit Natasha. You hit Natasha. You burn Natasha. Natasha claws you.
* * * LOW HITPOINT WARNING * * *
๐Ÿ˜จ HP[-5]
You take 5 damage, and now have 14/29 hp.
You hit Natasha. You freeze Natasha. You headbutt Natasha, but do no damage.
Natasha casts a spell at you. The magic dart hits you!
You feel threatened and lose the ability to read scrolls!
* * * LOW HITPOINT WARNING * * *
๐Ÿ˜ฑ HP[-7]
You take 7 damage, and now have 7/29 hp.
MASSIVE DAMAGE!! (PAUSE)
You hit Natasha.
You kill Natasha!
Natasha growls in agony!
You feel your intelligence returning.
Your Summonings skill increases to level 2!
You have reached level 4!
You feel clever. ๐Ÿ˜ฑ HP[+1] MP[+1]
You now have 35 max hp (+6).
Your mp is fully restored (4).
Unknown command.
You start resting.
You can read scrolls again.
Natasha, Servant of Life and Death comes into view. ๐Ÿ˜จ HP[+3]
You regained 3 hp, and now have 11/35 hp.
Jessica and 2 quokkas come into view.
Jessica is wielding a +0 dagger of venom.
Natasha closely misses you.
You barely miss Natasha.
Natasha mumbles some strange words.
Unknown command.
You hit Natasha.
Jessica shouts!
Xom asks Qazlal to spice things up a little.
Natasha claws you.
You feel threatened and lose the ability to read scrolls!
* * * LOW HITPOINT WARNING * * *
The crimson imp shouts, "Flee, thou beslubbering onion-eyed harpy!" ๐Ÿ˜ฑ HP[-6]
You take 6 damage, and now have 5/35 hp.
Unknown command.
Unknown command.
You aren't carrying any potions.
You cannot read scrolls in your current state!
Unknown command.
You cannot read scrolls in your current state!
Unknown command.
Natasha attacks as you move away! Natasha barely misses you.
Natasha attacks as you move away! Natasha closely misses you.
Natasha is engulfed in seething chaos.
Natasha seems to speed up.
The crimson imp blinks! ๐Ÿ˜ฑ HP[+1] Unknown command.
Natasha stares at you and mumbles some strange words.
You feel yourself slow down.
The crimson imp laughs crazily.
The quokka twitches its whiskers.
Unknown command.
Unknown command.
Unknown command.
The crimson imp attacks as you move away!
The crimson imp barely misses you. Natasha attacks as you move away!
Natasha claws you.
* * * LOW HITPOINT WARNING * * *
Natasha claws you but does no damage. ๐Ÿ˜ฑ HP[-2]
You take 2 damage, and now have 4/35 hp.
Unknown command.
Unknown command.
Unknown command.
You can read scrolls again.
Natasha barely misses you.
The crimson imp blinks!
Jessica mumbles some strange words.
Jessica blinks!
Natasha claws you.
* * * LOW HITPOINT WARNING * * *
๐Ÿ˜ฑ HP[-3]
You take 3 damage, and now have 1/35 hp.
Unknown command.
Natasha claws you.
You feel threatened and lose the ability to read scrolls!
You die...
Xom laughs nastily!

Skill      XL: |  1  2  3 |
---------------+----------+-----
Stealth        | 1 2 |  2.8
Summonings     | 1 2 |  2.2
Fighting       | |  3.0
Short Blades   | |  2.6
Armour         | |  1.7
Dodging        | |  0.8

Action                   |  1- 3 |  4- 6 || total
-------------------------+-------+-------++-------
Melee: Short sword       |   135 |     2 ||   137
       Headbutt          |     9 |       ||     9
  Use: Scroll            |     2 |       ||     2
       Potion            |     1 |       ||     1
 Stab: Sleeping          |     5 |       ||     5
Armor: Leather armour    |    51 |     1 ||    52
Dodge: Dodged            |    77 |     5 ||    82

Levels and vault maps discovered:
D:1:      lemuel_arrival_lava_pool, layout_basic, chequers_serial_rivers_small_a
D:2:      layout_basic, basic_ecumenical_altar, kennysheep_jessica_study,
          uniq_crazy_yiuf_cottage, uniq_natasha

Notes
Turn   | Place    | Note
-------+----------+-------------------------------------------
     0 | D:1      | spaghetti the Demonspawn Chaos Knight began the quest for
                  | the Orb.
     0 | D:1      | Reached XP level 1. HP: 18/18 MP: 1/1
     0 | D:1      | magus.rc [v1.9.6]
   319 | D:1      | XOM: divination: detect items
   329 | D:1      | Reached skill level 1 in Stealth
   330 | D:1      | HP: 3/18 [frozen (3)]
   490 | D:1      | XOM: give mutation
   490 | D:1      | Gained mutation: You sometimes lose your temper in combat.
                  | [Xom's mischief]
   586 | D:1      | You pick up a book of the Hunter and begin reading...
   586 | D:1      | You add the spells Call Canine Familiar, Portal Projectile
                  | and Leda's Liquefaction to your library.
   645 | D:1      | Gained mutation: Spells you cast may paralyse adjacent
                  | enemies. [demonic ancestry]
   645 | D:1      | Reached XP level 2. HP: 24/24 MP: 2/2
   795 | D:1      | You pick up a book of Party Tricks and begin reading...
   795 | D:1      | You add the spells Apportation and Alistair's Intoxication
                  | to your library.
   867 | D:1      | Reached skill level 1 in Summonings
   945 | D:1      | Reached skill level 2 in Stealth
  1112 | D:1      | Gained mutation: You are partially covered in thin metallic
                  | scales. (AC +2) [demonic ancestry]
  1112 | D:1      | Reached XP level 3. HP: 29/29 MP: 3/3
  1282 | D:1      | XOM: silly message
  1311 | D:1      | XOM: give mutations
  1311 | D:1      | Gained mutation: You have a pair of small horns on your
                  | head. [Xom's mischief]
  1311 | D:1      | Gained mutation: You occasionally lose the ability to read
                  | scrolls when taking damage. [Xom's mischief]
  1311 | D:1      | Lost mutation: You sometimes lose your temper in combat.
                  | [Xom's mischief]
  1311 | D:1      | Gained mutation: Your spells are a little easier to cast,
                  | but a little less powerful. [Xom's mischief]
  1382 | D:1      | XOM: give mutations
  1382 | D:1      | Gained mutation: Your body sometimes deteriorates upon
                  | taking damage. [Xom's mischief]
  1382 | D:1      | Gained mutation: Armour fits poorly on your strangely
                  | shaped body. [Xom's mischief]
  2076 | D:2      | XOM: 2-stop teleportation journey
  2172 | D:2      | Noticed Natasha
  2469 | D:2      | XOM: blink monster(s)
  2476 | D:2      | HP: 7/29 [Natasha/magic dart (7)]
  2477 | D:2      | Killed Natasha
  2478 | D:2      | Reached skill level 2 in Summonings
  2478 | D:2      | Reached XP level 4. HP: 8/35 MP: 4/4
  2501 | D:2      | Noticed Natasha
  2502 | D:2      | Noticed Jessica
  2505 | D:2      | XOM: chaos cloud
  2505 | D:2      | HP: 5/35 [Natasha (6)]
  2510 | D:2      | HP: 1/35 [Natasha (3)]
  2511 | D:2      | Slain by Natasha

Vanquished Creatures
  Natasha (D:2)
  An adder (D:2)
  3 ball pythons (D:1)
  8 bats
  5 endoplasms (D:1)
  6 goblins (D:1)
  4 hobgoblins (D:1)
  A quokka (D:2)
  4 frilled lizards
  4 kobolds
  4 rats
41 creatures vanquished.

Table legend:
 A = Non-vault XP
 B = Vault XP
 C = Vault XP percentage of total XP
 D = Non-vault monster count
 E = Vault monster count
 F = Vault count percentage of total count
                 A         B        C        D         E       F
            +---------+---------+-------+---------+---------+-------
      Total |      75 |      36 |  32.4 |      40 |       1 |   2.4
            +---------+---------+-------+---------+---------+-------
        D:1 |      51 |       0 |   0.0 |      32 |       0 |   0.0
        D:2 |      24 |      36 |  60.0 |       8 |       1 |  11.1
            +---------+---------+-------+---------+---------+-------

Illustrated notes

Table legend:
 A = Kills in this place as a percentage of kills in entire the game.
 B = Kills by you in this place as a percentage of kills by you in the entire game.
 C = Kills by friends in this place as a percentage of kills by friends in the entire game.
 D = Other kills in this place as a percentage of other kills in the entire game.
 E = Experience gained in this place as a percentage of experience gained in the entire game.
 F = Experience gained in this place divided by the number of levels of this place that you have seen.
                   A       B       C       D       E      F
               +-------+-------+-------+-------+-------+----------------------
         Total | 100.0 | 100.0 |   N/A |   N/A | 100.0 |  55.5
       Dungeon | 100.0 | 100.0 |   N/A |   N/A | 100.0 |  55.5
               +-------+-------+-------+-------+-------+----------------------

Table legend: (Time is in decaauts)
 A = Elapsed time spent in this place.
 B = Non-inter-level travel time spent in this place.
 C = Inter-level travel time spent in this place.
 D = Time resting spent in this place.
 E = Time spent auto-exploring this place.
 F = Levels seen in this place.
 G = Mean time per level.
                   A        B        C        D        E       F      G
               +--------+--------+--------+--------+--------+-----+--------+
         Total |   2530 |   2476 |     54 |    201 |   1912 |   2 | 1265.0 |
       Dungeon |   2530 |   2476 |     54 |    201 |   1912 |   2 | 1265.0 |
               +--------+--------+--------+--------+--------+-----+--------+

Top non-repeatable levels by time:
     D:1: 1866 daAuts
     D:2: 664 daAuts
